 Dungeon Crawl Stone Soup version 0.27-a0-1065-ge809cff456 (webtiles) character file.

Game seed: 14991192503810704933

726 Hodglim the Digger (level 7, -5/37 HPs)
             Began as a Gargoyle Earth Elementalist on Apr 22, 2021.
             Slain by a wyvern zombie (8 damage)
             ... on level 5 of the Dungeon.
             The game lasted 00:28:23 (5239 turns).

Hodglim the Digger (Gargoyle Earth Elementalist)    Turns: 5239, Time: 00:28:23

Health: -5/37      AC:  8    Str: 11    XL:     7   Next: 72%
Magic:  5/14       EV: 11    Int: 18    God:
Gold:   235        SH:  0    Dex: 10    Spells: 9/16 levels left

rFire    . . .     SeeInvis .   a - +2 whip (venom)
rCold    . . .     Faith    .   (no shield)
rNeg     + . .     Spirit   .   c - +0 robe
rPois    ∞         Reflect  .   q - +0 helmet
rElec    +         Harm     .   (no cloak)
rCorr    .         Rampage  .   m - +0 pair of gloves
Will     .....                  (no boots)
Stlth    ++........             g - amulet of regeneration
HPRegen  1.12/turn              (no ring)
MPRegen  0.14/turn              (no ring)

@: very slightly contaminated
A: AC +4, negative energy resistance 1, electricity resistance, torment
resistance 1, unbreathing 1, petrification resistance
a: no special abilities


You were on level 5 of the Dungeon.
You visited 2 branches of the dungeon, and saw 6 of its levels.

You collected 235 gold pieces.

Inventory:

Hand Weapons
 a - a +2 whip of venom (weapon)
 b - a +0 flail
Missiles
 t - 2 boomerangs (quivered)
 y - 47 stones
Armour
 c - a +0 robe (worn)
 m - a +0 pair of gloves (worn)
 n - a +0 kite shield
 q - a +0 helmet (worn)
Jewellery
 g - an amulet of regeneration (around neck)
 h - a ring of protection from cold
Wands
 j - a wand of paralysis (4)
 p - a wand of digging (5)
Scrolls
 e - 2 scrolls of teleportation {unknown}
 l - a scroll of vulnerability {unknown}
 r - a scroll of noise {unknown}
 x - 2 scrolls of identify
Potions
 d - 2 potions of attraction
 f - 2 potions of mutation
 i - 2 potions of resistance
 k - 4 potions of haste {unknown}
 o - a potion of berserk rage {unknown}
 s - a potion of lignification {unknown}
 u - a potion of brilliance {unknown}
 v - a potion of ambrosia {unknown}
 w - a potion of curing {unknown}


   Skills:
 + Level 0.5 Fighting
 + Level 0.3 Maces & Flails
 - Level 1.5 Dodging
 - Level 2.1 Stealth
 + Level 5.0 Spellcasting
 + Level 3.4 Conjurations
 - Level 0.7 Transmutations
 + Level 1.3 Fire Magic
 + Level 7.1 Earth Magic


You had 9 spell levels left.
You knew the following spells:

 Your Spells              Type           Power      Damage    Failure   Level
a - Sandblast             Erth           60%        2d14      1%          1
b - Stone Arrow           Conj/Erth      46%        3d9       4%          3
c - Conjure Flame         Conj/Fire      13%        6-21      14%         3

Your spell library contained the following spells:

 Spells                   Type           Power      Damage    Failure   Level
 Foxfire                  Conj/Fire      52%        2x1d6     4%          1
 Passwall                 Tmut/Erth      15%        N/A       4%          2
 Blink                    Tloc           N/A        N/A       21%         2
 Poisonous Vapours        Pois/Air       8%         N/A       21%         2
 Lee's Rapid Deconstruct  Erth           15%        3d11*     21%         5
 Petrify                  Tmut/Erth      18%        N/A       26%         4
 Inner Flame              Hex/Fire       7%         N/A       30%         3
 Teleport Other           Tloc           4%         N/A       36%         3
 Sticky Flame             Conj/Fire      13%        2d4       43%         4
 Iskenderun's Mystic Bla  Conj/Tloc      10%        2d4       54%         4
 Fireball                 Conj/Fire      6%         3d5       80%         5
 Dispersal                Tloc           2%         N/A       100%        6


Dungeon Overview and Level Annotations

Branches:
Dungeon (5/15)             Temple (1/1) D:4

Altars:
Cheibriados
Dithmenos
Elyvilon
Fedhas
Gozag
Hepliaklqana
Kikubaaqudgha
Makhleb
Nemelex Xobeh
Okawaru
Qazlal
Ru
Sif Muna
Trog
Yredelemnul
Zin
The Shining One

Shops:
D:5 *


Innate Abilities, Weirdness & Mutations

Your stone body is resilient. (AC +4)
You are immune to poison.
You resist negative energy. (rN+)
You are resistant to electric shocks. (rElec)
You are resistant to unholy torment.
You can survive without breathing.
You are immune to petrification.


Message History

The wyvern zombie is lightly damaged.
The wyvern zombie bites you! The wyvern zombie bites you.
Casting: Sandblast (safe; 1% risk of failure)
Confirm with . or Enter, or press ? or * to list all spells.
Aiming: Sandblast (safe; 1% risk of failure)
Press: ? - help, Shift-Dir - straight line, f - wyvern zombie
Aim: a wyvern zombie (lightly damaged, 94% to hit)
The blast of sand hits the wyvern zombie.
The wyvern zombie is lightly damaged.
y - 48 stones The wyvern zombie misses you.
Casting: Sandblast (safe; 1% risk of failure)
Confirm with . or Enter, or press ? or * to list all spells.
Aiming: Sandblast (safe; 1% risk of failure)
Press: ? - help, Shift-Dir - straight line, f/p - wyvern zombie
Aim: a wyvern zombie (lightly damaged, 94% to hit)
The blast of sand hits the wyvern zombie.
The wyvern zombie is moderately damaged.
y - 47 stones The wyvern zombie bites you but does no damage.
Casting: Sandblast (safe; 1% risk of failure)
Confirm with . or Enter, or press ? or * to list all spells.
Aiming: Sandblast (safe; 1% risk of failure)
Press: ? - help, Shift-Dir - straight line, f/p - wyvern zombie
Aim: a wyvern zombie (moderately damaged, 94% to hit)
You miscast Sandblast.
You are very lightly contaminated with residual magic.
Nothing appears to happen.
The wyvern zombie bites you!
* * * LOW HITPOINT WARNING * * *
The wyvern zombie bites you.
* * * LOW HITPOINT WARNING * * *
Casting: Sandblast (safe; 1% risk of failure)
Confirm with . or Enter, or press ? or * to list all spells.
Aiming: Stone Arrow (dangerous; 4% risk of failure)
Press: ? - help, Shift-Dir - straight line, f/p - wyvern zombie
Aim: a wyvern zombie (moderately damaged, 90% to hit)
The stone arrow hits the wyvern zombie.
The wyvern zombie is moderately damaged.
The wyvern zombie bites you!
You die...

.....##.##
.....#...##
#.........##
#......#...#
...........# ####
...........####..#
.................#
.................#
.#.............@##
#.........#..Z##
#.....#...##..#
....###........#
... .....#...##
......##.## ...#.#
###


You could see a wyvern zombie.

Vanquished Creatures
  2 scorpions (D:4)
  A bullfrog zombie (D:5)
  A centaur skeleton (D:4)
  A jelly (D:5)
  3 hounds
  2 iguanas (D:5)
  Natasha (thrice) (D:2)
  2 orc wizards (D:5)
  A hound skeleton (D:4)
  Robin (D:3)
  3 gnolls (D:3)
  7 adders
  A shadow imp (D:5)
  2 worms
  5 dart slugs
  6 orcs
  8 ball pythons
  5 endoplasms
  3 giant cockroaches
  13 goblins
  9 hobgoblins
  11 jackals
  8 kobolds
  A quokka (D:3)
  6 bats
  5 frilled lizards
  A quokka skeleton (D:4)
  4 rats
115 creatures vanquished.

Notes
Turn   | Place    | Note
-------+----------+-------------------------------------------
     0 | D:1      | Hodglim the Gargoyle Earth Elementalist began the quest for
                  | the Orb.
     0 | D:1      | Reached XP level 1. HP: 10/10 MP: 3/3
   436 | D:1      | Reached XP level 2. HP: 15/15 MP: 3/5
   445 | D:1      | Reached skill level 4 in Earth Magic
   977 | D:1      | Reached XP level 3. HP: 6/19 MP: 2/6
  1675 | D:2      | Reached XP level 4. HP: 24/24 MP: 0/8
  1766 | D:2      | Found a snail-covered altar of Cheibriados.
  1840 | D:2      | Noticed Natasha
  1844 | D:2      | Killed Natasha
  1845 | D:2      | Reached skill level 5 in Earth Magic
  1849 | D:2      | Learned a level 3 spell: Stone Arrow
  1865 | D:2      | Noticed Natasha
  2126 | D:2      | Killed Natasha
  2127 | D:2      | Reached XP level 5. HP: 28/28 MP: 7/10
  2162 | D:2      | Identified the Compendium of Quantum Poison
  2249 | D:2      | Noticed Natasha
  2292 | D:2      | Killed Natasha
  3388 | D:3      | Noticed Robin
  3395 | D:3      | Killed Robin
  3396 | D:3      | Reached skill level 1 in Conjurations
  3396 | D:3      | Reached skill level 6 in Earth Magic
  3396 | D:3      | Reached XP level 6. HP: 22/32 MP: 6/12
  4111 | D:4      | Found a staircase to the Ecumenical Temple.
  4117 | Temple   | Entered the Ecumenical Temple
  4308 | D:4      | Reached XP level 7. HP: 31/36 MP: 13/13
  4540 | D:4      | Found a sacrificial altar of Ru.
  4861 | D:5      | Entered Level 5 of the Dungeon
  4895 | D:5      | Learned a level 3 spell: Conjure Flame
  4974 | D:5      | Found Yquwek's Elemental Accessories.
  5036 | D:5      | Reached skill level 1 in Fire Magic
  5036 | D:5      | Reached skill level 7 in Earth Magic
  5235 | D:5      | Reached skill level 5 in Spellcasting
  5239 | D:5      | Slain by a wyvern zombie

Illustrated notes

Levels and vault maps discovered:
D:1:      dpeg_arrival_lava_altar, layout_basic, minmay_bisected
D:2:      layout_basic, basic_altar, nrook_campfire,
          hangedman_abyss_or_decor_stabs, minmay_distorted, uniq_natasha
D:3:      layout_rooms, chequers_serial_rivers_micro_e,
          minmay_misc_feat_nine_boxes, minmay_fractal_squares_diagonal_5,
          uniq_robin
D:4:      layout_cave_pools, nicolae_overflow_crystal_walls, temple_green
D:5:      layout_cave_pools, nicolae_elemental_shop
Temple:   nicolae_temple_elliptical

Skill      XL: |  1  2  3  4  5  6  7 |
---------------+----------------------+-----
Earth Magic    | 4 5 6 7 |  7.1
Spellcasting   | 3 4 5 |  5.0
Conjurations   | 1 2 3 |  3.4
Fire Magic     | 1 |  1.3
Fighting       | |  0.5
Maces & Flails | |  0.3
Dodging        | |  1.5
Stealth        | |  2.1
Transmutations | |  0.7

Action                   |  1- 3 |  4- 6 |  7- 9 || total
-------------------------+-------+-------+-------++-------
Melee: Unarmed           |    14 |       |       ||    14
       Club              |    37 |    24 |       ||    61
       Dagger            |    22 |       |       ||    22
       Flail             |       |    47 |    45 ||    92
       Whip              |       |       |     7 ||     7
Throw: Boomerang         |       |       |     4 ||     4
 Cast: Sandblast         |    34 |    69 |    27 ||   130
       Stone Arrow       |       |       |     2 ||     2
  Use: Scroll            |       |     3 |       ||     3
 Stab: Sleeping          |       |     2 |       ||     2
Armor: Robe              |    46 |    49 |    40 ||   135
Dodge: Dodged            |    76 |    92 |    55 ||   223

Table legend: (Time is in decaauts)
 A = Elapsed time spent in this place.
 B = Non-inter-level travel time spent in this place.
 C = Inter-level travel time spent in this place.
 D = Time resting spent in this place.
 E = Time spent auto-exploring this place.
 F = Levels seen in this place.
 G = Mean time per level.
                   A        B        C        D        E       F      G
               +--------+--------+--------+--------+--------+-----+--------+
         Total |   5291 |   4988 |    303 |   1381 |   2305 |   6 |  881.8 |
       Dungeon |   5117 |   4842 |    275 |   1381 |   2163 |   5 | 1023.4 |
        Temple |    173 |    145 |     28 |      0 |    142 |   1 |  173.0 |
               +--------+--------+--------+--------+--------+-----+--------+

Top non-repeatable levels by time:
     D:1: 1928 daAuts
     D:2: 1071 daAuts
     D:4: 1013 daAuts
     D:3: 770 daAuts
     D:5: 333 daAuts
  Temple: 173 daAuts
